 Dungeon Crawl Stone Soup version 0.29.1-15-g9cfb28693d (webtiles) character file.

Game seed: 4846642850402757506

57 Artool the Trooper (level 3, -1/29 HPs)
             Began as a Demonspawn Fighter on Apr 6, 2023.
             Slain by a goblin
             ... wielding a +2 dagger of speed
             ... led by Robin
              (7 damage)
             ... on level 3 of the Dungeon.
             The game lasted 00:01:35 (1746 turns).

Artool the Trooper (Demonspawn Fighter)             Turns: 1746, Time: 00:01:36

Health: -1/29      AC:  6    Str: 18    XL:     3   Next: 73%
Magic:  3/3        EV:  9    Int:  9    God:
Gold:   109        SH: 13    Dex: 12    Spells: 2/2 levels left

rFire   . . .      SeeInvis .   n - +0 whip
rCold   . . .      Faith    .   c - +0 buckler
rNeg    . . .      Spirit   .   b - +0 scale mail
rPois   .          Reflect  +   (no helmet)
rElec   .          Harm     .   (no cloak)
rCorr   .          Rampage  .   (no gloves)
Will    .....                   (no boots)
Stlth   ..........              h - amulet of reflection
HPRegen 0.09/turn               (no ring)
MPRegen 0.08/turn               (no ring)

@: no status effects
A: large bone plates 1
a: no special abilities


You were on level 3 of the Dungeon.
You visited 1 branch of the dungeon, and saw 3 of its levels.

You collected 109 gold pieces.

Inventory:

Hand Weapons
 a - a +0 flail
 n - a +0 whip (weapon)
Armour
 b - a +0 scale mail (worn)
 c - a +0 buckler (worn)
Magical Staves
 i - a staff of conjuration
Jewellery
 h - an amulet of reflection (around neck)
Scrolls
 g - 6 scrolls of identify {unknown}
 j - a scroll of noise {unknown}
 l - a scroll of immolation {unknown}
Potions
 d - 2 potions of might
 e - a potion of mutation {unknown}
 f - a potion of curing {unknown}
 k - 2 potions of resistance {unknown}
 m - a potion of berserk rage {unknown}


   Skills:
 + Level 3.5 Fighting
 + Level 2.4 Maces & Flails
 + Level 3.2 Armour
 - Level 3.0 Shields


You had 2 spell levels left.
You didn't know any spells.
Your spell library contained the following spells:

 Spells                   Type           Power      Damage    Failure   Level
 Blink                    Tloc           0%         N/A       94%         2
 Confusing Touch          Hex            0%         N/A       99%         3
 Lesser Beckoning         Tloc           0%         N/A       99%         3
 Manifold Assault         Tloc           0%         N/A       100%        5
 Yara's Violent Unravell  Hex/Tmut       0%         3d3       100%        5
 Enfeeble                 Hex            0%         N/A       100%        7


Dungeon Overview and Level Annotations

Branches:
Dungeon (3/15)

Altars:

Annotations:
D:3 Robin


Innate Abilities, Weirdness & Mutations

You are partially covered in large bone plates. (SH +4)


Message History

There are monsters nearby!
You closely miss the hobgoblin.
The goblin shouts!
You hear a shout! x2
You block the hobgoblin's attack. Robin throws the goblin at you!
You hear a shout!
There are monsters nearby!
You closely miss the hobgoblin.
Robin roars a battlecry!
The goblins go into a battle-frenzy!
The hobgoblin hits you. The goblin hits you but does no damage.
You barely miss the hobgoblin. You barely miss the hobgoblin.
The goblin hits you with a +0 club. You block the hobgoblin's attack.
A hobgoblin comes into view.
You hit the hobgoblin but do no damage. You block the goblin's attack.
The hobgoblin hits you but does no damage.
The goblin hits you with a +0 club. The hobgoblin completely misses you.
You hit the hobgoblin.
The hobgoblin is almost dead.
The hobgoblin hits you. The goblin hits you with a +0 club.
* * * LOW HITPOINT WARNING * * *
Robin roars a battlecry!
The goblins go into a battle-frenzy!
You hear a shout!
You barely miss the goblin.
A goblin comes into view. It is wielding a +0 dagger.
You block the hobgoblin's attack. You block the goblin's attack.
You whack the goblin!
You kill the goblin!
You block the hobgoblin's attack.
Things that are here:
a +0 club; a goblin corpse The hobgoblin attacks as you move away!
The hobgoblin hits you.
* * * LOW HITPOINT WARNING * * *
You whack the hobgoblin!
You kill the hobgoblin!
Robin throws the goblin at you!
A goblin comes into view. It is wielding a +0 dagger.
The goblin hits you with a +2 dagger of speed!
You die... >.# ### #.# gg#

#.# #g#
#.# #.#
#.# #g#
#.# #.#
#.# #)##
#<#
#@.###.###
##g#.....#
#.#.###.#
#.#.# #.#
#.#.###>#
#.#.....#
#....####
#......#
##...#.#


You could see Robin, a hobgoblin (strong) and 3 goblins.

Vanquished Creatures
  An adder (D:2)
  3 orcs (D:2)
  2 ball pythons (D:2)
  3 endoplasms (D:1)
  A giant cockroach (D:2)
  6 goblins
  4 hobgoblins
  7 kobolds
  4 quokkas
  4 bats
  A frilled lizard (D:2)
  5 rats (D:1)
41 creatures vanquished.

Notes
Turn   | Place    | Note
-------+----------+-------------------------------------------
     0 | D:1      | Artool the Demonspawn Fighter began the quest for the Orb.
     0 | D:1      | Reached XP level 1. HP: 18/18 MP: 1/1
   180 | D:1      | Gained mutation: You are partially covered in large bone
                  | plates. (SH +4) [demonic ancestry]
   180 | D:1      | Reached XP level 2. HP: 18/24 MP: 2/2
   419 | D:1      | Found a faded altar of an unknown god.
  1058 | D:2      | Reached XP level 3. HP: 29/29 MP: 3/3
  1734 | D:3      | Noticed Robin
  1746 | D:3      | Slain by a goblin

Illustrated notes

Levels and vault maps discovered:
D:1:      wheals_arrival_shading, layout_rooms, ebering_ecumenical_altar_box,
          minivault_5, item_on_display_a
D:2:      layout_basic, kennysheep_generic_room_6
D:3:      layout_loops_ring, xom_teletrap_fun, corner_web_ring, hex_tiny,
          uniq_robin

Skill      XL: |  1  2 |
---------------+-------+-----
Maces & Flails | 2 |  2.4
Armour         | 3 |  3.2
Shields        | 3 |  3.0
Fighting       | |  3.5

Action                   || total
-------------------------++-------
Melee: Flail             ||    82
       Whip              ||    46
Armor: Scale mail        ||    38
Dodge: Dodged            ||    33
Block: Buckler           ||    77
